 Dungeon Crawl Stone Soup version 0.21.1-1-g345015f (webtiles) character file.

185 Mirai the Sneak (level 5, -2/28 HPs)
             Began as a Kobold Enchanter on Apr 28, 2018.
             Slain by asishallab's ghost (14 damage)
             ... on level 3 of the Dungeon.
             The game lasted 00:08:03 (3678 turns).

Mirai the Sneak (Kobold Enchanter)                  Turns: 3678, Time: 00:08:04

Health: -2/28      AC:  4    Str:  6    XL:     5   Next: 96%
Magic:  7/9        EV: 16    Int: 16    God:
Gold:   228        SH:  0    Dex: 16    Spells: 4/10 levels left

rFire    + . .     SeeInvis .   a - +1 dagger
rCold    . . .     Gourm    .   (shield restricted)
rNeg     . . .     Faith    .   q - +1 robe {rF+}
rPois    .         Spirit   .   (no helmet)
rElec    .         Reflect  .   (no cloak)
rCorr    .         Harm     .   m - +0 pair of gloves
MR       .....                  (no boots)
Stlth    +++.......             (no amulet)
HPRegen  0.09/turn              g - ring of flight
MPRegen  0.11/turn              (no ring)

@: no status effects
A: small, carnivore
a: Evoke Flight


You were on level 3 of the Dungeon.
You were very full.

You visited 1 branch of the dungeon, and saw 3 of its levels.

You collected 228 gold pieces.

Inventory:

Hand Weapons
 a - a +1 dagger (weapon)
Armour
 m - a +0 pair of gloves (worn)
 q - a +1 robe of fire resistance (worn)
Jewellery
 g - a ring of flight (left hand)
Scrolls
 e - 3 scrolls of remove curse {unknown}
 f - 6 scrolls of identify {unknown}
 h - 2 scrolls of fog {unknown}
 i - a scroll of magic mapping {unknown}
 j - a scroll of amnesia {unknown}
 l - 2 scrolls of blinking {unknown}
 n - 2 scrolls of immolation {unknown}
Potions
 o - a potion of curing {unknown}
 p - a potion of lignification {unknown}
Books
 c - a book of Maledictions

   Spells                             Type                      Level
   a - Corona                         Hexes                        1
   b - Ensorcelled Hibernation        Hexes/Ice                    2
   c - Confuse                        Hexes                        3
   d - Tukima's Dance                 Hexes                        3
   e - Dazzling Spray                 Conjuration/Hexes            3
Comestibles
 d - 3 rations


   Skills:
 + Level 0.8 Fighting
 + Level 2.9 Short Blades
 + Level 3.4 Dodging
 * Level 5.7 Stealth
 + Level 3.0 Spellcasting
 + Level 3.6 Hexes
 + Level 0.6 Ice Magic


You had 4 spell levels left.
You knew the following spells:

 Your Spells              Type           Power        Failure   Level  Hunger
a - Corona                Hex            ##.....      4%          1    #......
b - Ensorcelled Hibernat  Hex/Ice        #.....       12%         2    ##.....
c - Confuse               Hex            ##......     12%         3    ###....


Dungeon Overview and Level Annotations

Branches:
Dungeon (3/15)

Altars:

Annotations:
D:3 asishallab's ghost, amateur FoFi


Innate Abilities, Weirdness & Mutations

You are small and have problems with some larger weapons.
You are carnivorous and can eat meat at any time.


Message History

You hit asishallab's ghost but do no damage.
Asishallab's ghost hits itself but does no damage.
You hit asishallab's ghost.
Asishallab's ghost is lightly damaged.
You hit asishallab's ghost but do no damage.
Asishallab's ghost is lightly damaged.
You hit asishallab's ghost but do no damage.
Asishallab's ghost is lightly damaged.
Asishallab's ghost hits you!
You hit asishallab's ghost but do no damage.
Asishallab's ghost is lightly damaged.
You hit asishallab's ghost but do no damage.
Asishallab's ghost is lightly damaged.
You hit asishallab's ghost but do no damage.
Asishallab's ghost is lightly damaged.
You hit asishallab's ghost but do no damage.
Asishallab's ghost is lightly damaged.
Asishallab's ghost hits you!
Ouch! That really hurt!
You die...

##..#.###.# #.#######
#######.........# #.......#
.......<..#.#######.#####..
..........#.###............
...........................
........#>#.#######.###.#..
....###.#.#.#.......#####++
.... #.#W...........#.....
... #.#.@..........#.....
.. #.#.......#.#.##..⌠..
#.......#.#.##....÷
#.......#.#.##.....
#.......#.#.##.....
.........#.#..#.....
#.###..####.#.##..... #.
#..# #.#.#####'' #..#
##..........


You could see asishallab's ghost (confused).

Vanquished Creatures
  An orc wizard (D:3)
  Jessica (D:2)
  6 adders
  2 oozes
  4 dart slugs
  4 leopard geckos
  2 orcs (D:3)
  A ball python (D:2)
  7 bats
  4 giant cockroaches
  6 hobgoblins
  4 kobolds
  A frilled lizard (D:2)
  9 goblins
  4 rats
56 creatures vanquished.

Notes
Turn   | Place    | Note
-------+----------+-------------------------------------------
     0 | D:1      | Mirai the Kobold Enchanter began the quest for the Orb.
     0 | D:1      | Reached XP level 1. HP: 10/10 MP: 3/3
    57 | D:1      | Reached XP level 2. HP: 12/15 MP: 5/5
    61 | D:1      | Learned a level 2 spell: Ensorcelled Hibernation
   707 | D:1      | Reached XP level 3. HP: 6/19 MP: 1/6
  1654 | D:2      | Noticed Jessica
  1661 | D:2      | Killed Jessica
  1661 | D:2      | Reached skill level 5 in Stealth
  1661 | D:2      | Reached XP level 4. HP: 24/24 MP: 6/8
  1769 | D:2      | Learned a level 3 spell: Confuse
  2105 | D:3      | Reached XP level 5. HP: 28/28 MP: 4/9
  2111 | D:3      | Noticed asishallab's ghost (amateur FoFi)
  3059 | D:3      | HP: 1/28 [leopard gecko (4)]
  3678 | D:3      | Slain by asishallab's ghost

Skill      XL: |  1  2  3  4  5 |
---------------+----------------+-----
Short Blades   | 2 |  2.9
Dodging        | 3 |  3.4
Stealth        | 5 |  5.7
Spellcasting   | 3 |  3.0
Fighting       | |  0.8
Hexes          | |  3.6
Ice Magic      | |  0.6

Action                   |  1- 3 |  4- 6 || total
-------------------------+-------+-------++-------
Melee: Dagger            |    98 |   131 ||   229
 Cast: Ensorcelled Hiber |     4 |    17 ||    21
       Confuse           |       |     5 ||     5
  Use: Potion            |     1 |     3 ||     4
 Stab: Sleeping          |     7 |    11 ||    18
       Invisible         |     2 |     3 ||     5
       Distracted        |       |     1 ||     1
       Confused          |       |     1 ||     1
  Eat: Chunk             |    11 |     7 ||    18
Armor: Robe              |    10 |    30 ||    40
Dodge: Dodged            |    75 |   151 ||   226
